 Dungeon Crawl Stone Soup version 0.31-a0-1388-g4b2ba238e7 (webtiles) character file.

Game seed: 14585051444486574090

3385 BigPumpCobain the Mimic (level 9, 0/70 (76) HPs)
             Began as a Troll Shapeshifter on Dec 25, 2023.
             Was a High Priest of Makhleb.
             Slain by a wight
             ... wielding a +2 halberd of freezing
              (1 damage)
             ... on level 8 of the Dungeon.
             The game lasted 00:14:23 (4673 turns).

BigPumpCobain the Mimic (Troll Shapeshifter)        Turns: 4673, Time: 00:14:23

HP:   0/70 (76)     AC:  4    Str: 28    XL:     9   Next: 74%
MP:   8/8           EV:  9    Int:  6    God:    Makhleb [*****.]
Gold: 426           SH:  0    Dex:  9    Spells: 8/8 levels left

rFire   . .          .
                       - Unarmed
rCold   . . .        (no shield)
rNeg    . . .        a - +0 animal skin
rPois   +            (helmet currently unavailable)
rElec   .            (cloak currently unavailable)
rCorr   +            (gloves unavailable)
SInv    .            (boots unavailable)
Will    .....        t - amulet of the acrobat
Stlth   +            n - ring of resist corrosion
HPRegen 1.11/turn    r - ring of poison resistance
MPRegen 0.11/turn

%: acrobat
@: beast-form, drained
A: beast (slay +4), large, unfitting armour, claws 3, regeneration 1, shaggy fur
1, tough skin 1
a: Begin Untransformation, Renounce Religion, Minor Destruction, Lesser Servant
of Makhleb, Major Destruction, Greater Servant of Makhleb


You were on level 8 of the Dungeon.
You worshipped Makhleb.
Makhleb was extremely pleased with you.
You were a hulking beast.
You visited 2 branches of the dungeon, and saw 9 of its levels.
You also visited: Sewer.

You collected 426 gold pieces.

Inventory:

Hand Weapons
 l - a +0 hand axe of flaming
 p - a +2 hand axe of distortion
 x - a +0 dagger of venom
Armour
 a - a +0 animal skin (worn)
Jewellery
 n - a ring of resist corrosion (left claw)
 r - a ring of poison resistance (right claw)
 t - an amulet of the acrobat (around neck)
 H - an amulet of reflection
Talismans
 c - a beast talisman
 d - a flux talisman
Wands
 B - a wand of flame (36)
 D - a wand of quicksilver (17)
 G - a wand of paralysis (7)
Scrolls
 g - a scroll of poison {unknown}
 i - 2 scrolls of torment
 k - a scroll of vulnerability
 m - 2 scrolls of fear {unknown}
 q - 2 scrolls of noise {unknown}
 s - a scroll of amnesia {unknown}
 u - 3 scrolls of teleportation {unknown}
 y - a scroll of blinking {unknown}
 A - 2 scrolls of revelation {unknown}
 F - 4 scrolls of identify
 I - a scroll of enchant armour {unknown}
Potions
 b - 2 potions of mutation {unknown}
 e - a potion of degeneration {unknown}
 f - 2 potions of might {unknown}
 h - 2 potions of heal wounds {unknown}
 j - a potion of attraction {unknown}
 o - 2 potions of enlightenment {unknown}
 v - 2 potions of curing {unknown}
 w - 5 potions of brilliance {unknown}
 z - a potion of berserk rage
 C - a potion of resistance {unknown}
 E - a potion of lignification


   Skills:
 + Level 1.4 Fighting
 - Level 1.5 Dodging
 + Level 8.6 Unarmed Combat
 * Level 10.8 Shapeshifting


You had 8 spell levels left.
You didn't know any spells.
Your spell library contained the following spells:

 Spells                   Type           Power      Damage    Failure   Level
 Apportation              Tloc           0%         N/A       45%         1
 Blink                    Tloc           0%         N/A       58%         2
 Jinxbite                 Hex            0%         N/A       58%         2
 Lesser Beckoning         Tloc           0%         N/A       58%         2
 Momentum Strike          Conj/Tloc      0%         3d8       58%         2
 Cause Fear               Hex            0%         N/A       99%         4
 Alistair's Intoxication  Alch           0%         N/A       100%        5
 Fireball                 Conj/Fire      0%         3d3       100%        5
 Yara's Violent Unravell  Hex/Alch       0%         3d3       100%        5
 Enfeeble                 Hex            0%         N/A       100%        7
 Dragon's Call            Summ           0%         N/A       100%        9


Dungeon Overview and Level Annotations

Branches:
Dungeon (8/15)             Temple (1/1) D:6            Lair (0/5) D:8
  Sewer (visited)

Altars:
Ashenzari
Cheibriados
Dithmenos
Fedhas
Gozag
Hepliaklqana
Kikubaaqudgha
Makhleb
Nemelex Xobeh
Okawaru
Uskayaw
Vehumet
Wu Jian
Xom
Yredelemnul
Zin
The Shining One


Innate Abilities, Weirdness & Mutations

You are a hulking beast.
Your limbs bulge with bestial killing power. (Slay +4)
You are too large for most types of armour.
You have claws for hands.
Your natural rate of healing is unusually fast.
You are covered in fur. (AC +1)
You have tough skin. (AC +1)


Message History

The wight is heavily damaged.
Something hits the fungus!
The kobold hits the fungus with a +0 short sword.
You claw the wight!
You destroy the wight!
Makhleb accepts your kill.
A nearby fungus withers and dies.
The yak snorts and paws the ground.
You swing at nothing.
You mangle the kobold!!
You kill the kobold!
Makhleb accepts your kill.
You feel better.
The wight hits you from afar with a +2 halberd of freezing!
The wight freezes you.
You swing at nothing.
The wight hits you from afar with a +2 halberd of freezing!
You feel drained.
* * * LOW HITPOINT WARNING * * *
The wight freezes you.
* * * LOW HITPOINT WARNING * * *
You swing at nothing.
The wight barely misses you.
You swing at nothing.
The kobold hits something with a +0 short sword.
You swing at nothing.
The wight completely misses you.
You swing at nothing.
The wight barely misses you.
You swing at nothing.
The wight hits you from afar with a +2 halberd of freezing!
* * * LOW HITPOINT WARNING * * *
You feel drained.
* * * LOW HITPOINT WARNING * * *
The wight freezes you.
* * * LOW HITPOINT WARNING * * *
The gnoll bouda barks out a call to the hunt!
The gnoll picks up the pace!
You swing at nothing.
The wight hits you from afar with a +2 halberd of freezing.
* * * LOW HITPOINT WARNING * * *
You feel drained. The wight freezes you.
You die...

P....PPP..P.# ##.#).##
.P....P.P.PP# ##.###.##
PPPP.P.PP...###.## ##.#
P.P.P.PPPPP..###.###.##
...P..P..P.# ##.#.##
..PP.P...P.P# ##.##
P.PP>P....PP.# #.#
P.P....PPP.KK#####.#
....P......zzYz)h..#
.P...PP...gzg#######
P.PP...P...g##
.P.P.P.....P#
P......zYKP##


P.PP.K.Kgz.# ......gK..## ...PgKg.### .#..gg.z. You could see a yak, a gnoll
bouda, 4 wights, a gnoll (swift) and 2 kobolds.

Vanquished Creatures
  Maurice (D:7)
  2 hornets (D:7)
  Sigmund (D:3)
  Menkaure (D:7)
  Pargi (Sewer)
  3 black bears
  An ice beast (D:6)
  An ogre (D:6)
  2 kobold brigands (D:8)
  4 centaurs
  A phantom (D:5)
  A brain worm (Sewer)
  3 bullfrogs
  3 scorpions
  3 wights (D:8)
  A bombardier beetle (D:5)
  A gnoll bouda (D:6)
  5 hounds
  An orc priest (D:5)
  Crazy Yiuf (D:2)
  5 iguanas
  Natasha (thrice) (D:3)
  Terence (D:2)
  A sleepcap (D:6)
  Robin (D:3)
  5 gnolls (D:6)
  3 adders
  A white imp (D:8)
  2 ufetubi (D:7)
  2 worms
  A dart slug (D:1)
  26 orcs
  4 ball pythons
  11 bats
  4 endoplasms
  3 giant cockroaches
  19 goblins
  10 hobgoblins
  3 jackals (D:1)
  9 kobolds
  4 quokkas
  10 frilled lizards
  8 rats
  A butterfly (D:6)
174 creatures vanquished.

Notes
Turn   | Place    | Note
-------+----------+-------------------------------------------
     0 | D:1      | BigPumpCobain the Troll Shapeshifter began the quest for
                  | the Orb.
     0 | D:1      | Reached XP level 1. HP: 18/18 MP: 0/0
    64 | D:1      | Found a faded altar of an unknown god.
    76 | D:1      | Prayed at the altar of an unknown god.
    76 | D:1      | Became a worshipper of Makhleb the Destroyer
    76 | D:1      | Reached * piety under Makhleb
   189 | D:1      | Reached XP level 2. HP: 26/26 MP: 1/1
   538 | D:2      | Noticed Terence
   551 | D:2      | HP: 1/26 [Terence/+0 hand axe of flaming (1)]
   552 | D:2      | Killed Terence
   553 | D:2      | Reached skill level 4 in Shapeshifting
   553 | D:2      | Reached XP level 3. HP: 2/32 MP: 2/2
   666 | D:2      | Reached ** piety under Makhleb
   847 | D:2      | Reached XP level 4. HP: 36/40 MP: 3/3
  1049 | D:2      | Found a runed translucent door.
  1050 | D:2      | Noticed Crazy Yiuf
  1061 | D:2      | Killed Crazy Yiuf
  1437 | D:3      | Reached XP level 5. HP: 27/46 MP: 4/4
  1563 | D:3      | Noticed Robin
  1564 | D:3      | Noticed Natasha
  1567 | D:3      | Killed Natasha
  1568 | D:3      | Reached skill level 5 in Shapeshifting
  1571 | D:3      | Killed Robin
  1636 | D:3      | Noticed Natasha
  1644 | D:3      | Killed Natasha
  1644 | D:3      | Reached *** piety under Makhleb
  1653 | D:3      | Noticed Sigmund
  1663 | D:3      | Killed Sigmund
  1664 | D:3      | Reached XP level 6. HP: 43/54 MP: 5/5
  1706 | D:3      | Found a glowing drain.
  1717 | Sewer    | Entered a sewer
  1748 | Sewer    | Reached skill level 5 in Unarmed Combat
  1748 | Sewer    | Reached skill level 6 in Shapeshifting
  1750 | Sewer    | Noticed Pargi
  1758 | Sewer    | Killed Pargi
  1759 | Sewer    | Reached XP level 7. HP: 43/61 MP: 6/6
  1876 | D:3      | Noticed Natasha
  1880 | D:3      | Killed Natasha
  1958 | D:3      | Found a shadowy altar of Dithmenos.
  2087 | D:4      | Found an ancient bone altar of Kikubaaqudgha.
  2137 | D:4      | You fall into a shaft and drop 1 floor!
  2137 | D:5      | Entered Level 5 of the Dungeon
  2288 | D:5      | Reached skill level 7 in Shapeshifting
  2310 | D:5      | Reached XP level 8. HP: 21/68 MP: 7/7
  2453 | D:5      | Reached **** piety under Makhleb
  2876 | D:6      | Reached skill level 8 in Shapeshifting
  3275 | D:6      | Found a staircase to the Ecumenical Temple.
  3291 | Temple   | Entered the Ecumenical Temple
  3681 | D:7      | Reached skill level 9 in Shapeshifting
  3748 | D:7      | Noticed a hornet
  3758 | D:7      | Killed a hornet
  3816 | D:7      | Noticed Menkaure
  3816 | D:7      | Noticed a hornet
  3825 | D:7      | Killed Menkaure
  3825 | D:7      | Killed a hornet
  3826 | D:7      | Reached XP level 9. HP: 43/75 MP: 8/8
  3983 | D:7      | Noticed Maurice
  3987 | D:7      | Maurice stole a beast talisman
  3988 | D:7      | Maurice stole a +2 hand axe of distortion
  3990 | D:7      | Something stole 335 gold
  4004 | D:7      | Killed Maurice
  4106 | D:7      | Reached skill level 10 in Shapeshifting
  4607 | D:8      | Reached ***** piety under Makhleb
  4631 | D:8      | Found a staircase to the Lair.
  4653 | D:8      | Reached skill level 1 in Fighting
  4672 | D:8      | HP: 3/71 [wight/+2 halberd of freezing (3)]
  4673 | D:8      | HP: 1/71 [wight/+2 halberd of freezing (3)]
  4673 | D:8      | Slain by a wight

Illustrated notes

Levels and vault maps discovered:
D:1:      lightli_arrival_lavapool, layout_basic,
          chequers_ecumenical_altar_simple_redux
D:2:      layout_loops_ring, guppyfry_early_orc_mine, uniq_crazy_yiuf_cottage,
          uniq_terence
D:3:      layout_rooms, nicolae_overflow_hidden_temple, portal_sewer_entry_e,
          uniq_robin, uniq_sigmund, uniq_natasha
D:4:      layout_basic, mainiacjoe_overflow_tiny_flanked, kennysheep_mini_moat,
          lemuel_tele_altar, kiku_gazebo_garden_becter, uniq_edmund,
          uniq_grinder
D:5:      layout_gridville
D:6:      layout_loops_cross, minmay_temple_entry_butterflies,
          minmay_lizard_king
D:7:      layout_basic, uniq_maurice, uniq_menkaure
D:8:      layout_loops_corners, nicolae_elyvilon_temple_path,
          gammafunk_temple_overflow_elements, due_lair_maze_entry_diamond,
          enter_bailey_4, nicolae_doodle_vault, uniq_jeremiah
Temple:   eino_narrow_crystal_temple

Skill      XL: |  1  2  3  4  5  6  7  8  9 |
---------------+----------------------------+-----
Shapeshifting  | 4 5 6 7 9 10 | 10.8
Unarmed Combat | 4 5 6 7 8 |  8.6
Fighting       | 1 |  1.4
Dodging        | |  1.5

Action                     |  1- 3 |  4- 6 |  7- 9 || total
---------------------------+-------+-------+-------++-------
  Melee: Unarmed           |    73 |   150 |   210 ||   433
         Punch             |       |     4 |     8 ||    12
 Invoke: Minor Destruction |       |       |     1 ||     1
  Evoke: Wand              |       |       |     7 ||     7
    Use: Potion            |       |       |     1 ||     1
         Scroll            |       |       |     2 ||     2
   Stab: Sleeping          |       |       |     1 ||     1
 Armour: Animal skin       |    43 |   126 |   140 ||   309
         Skin              |       |       |    34 ||    34
  Dodge: Dodged            |    23 |    81 |   101 ||   205

Table legend: (Time is in decaauts)
 A = Elapsed time spent in this place.
 B = Non-inter-level travel time spent in this place.
 C = Inter-level travel time spent in this place.
 D = Time resting spent in this place.
 E = Time spent auto-exploring this place.
 F = Levels seen in this place.
 G = Mean time per level.
                   A        B        C        D        E       F      G
               +--------+--------+--------+--------+--------+-----+--------+
         Total |   4625 |   4515 |    110 |     50 |   3550 |  10 |  462.5 |
       Dungeon |   4496 |   4415 |     81 |     50 |   3496 |   8 |  562.0 |
        Temple |     29 |      0 |     29 |      0 |      0 |   1 |   29.0 |
         Sewer |     99 |     99 |      0 |      0 |     54 |   1 |   99.0 |
               +--------+--------+--------+--------+--------+-----+--------+

Top non-repeatable levels by time:
     D:7: 838 daAuts
     D:2: 770 daAuts
     D:6: 745 daAuts
     D:5: 724 daAuts
     D:3: 596 daAuts
     D:1: 518 daAuts
     D:8: 171 daAuts
     D:4: 131 daAuts
   Sewer: 99 daAuts
  Temple: 29 daAuts
